 Dungeon Crawl Stone Soup version 0.29.1-1-gd02db6906a (webtiles) character file.

Game seed: 10992855813668612661

277 smilodon the Shield-Bearer (level 6, -3/59 HPs)
             Began as a Troll Fighter on Sept 19, 2022.
             Slain by a gnoll bouda
             ... wielding a +0 club
              (5 damage)
             ... on level 4 of the Dungeon.
             The game lasted 00:04:03 (1881 turns).

smilodon the Shield-Bearer (Troll Fighter)          Turns: 1881, Time: 00:04:04

Health: -3/59      AC:  4    Str: 30    XL:     6   Next: 4%
Magic:  5/5        EV:  9    Int:  8    God:
Gold:   306        SH:  8    Dex: 10    Spells: 5/5 levels left

rFire   . . .      SeeInvis +     - Unarmed
rCold   . . .      Faith    .   b - +0 kite shield
rNeg    . . .      Spirit   .   a - +0 robe
rPois   .          Reflect  .   (helmet restricted)
rElec   .          Harm     .   (no cloak)
rCorr   .          Rampage  .   (gloves unavailable)
Will    +....                   (boots unavailable)
Stlth   +.........              (no amulet)
HPRegen 0.99/turn               m - +6 ring of strength
MPRegen 0.09/turn               k - ring of see invisible

@: about to teleport
A: large, unfitting armour, claws 3, regeneration 1, shaggy fur 1, tough skin 1,
clever 1, strong-willed 1, MP-powered wands
a: no special abilities


You were on level 4 of the Dungeon.
You visited 1 branch of the dungeon, and saw 4 of its levels.

You collected 306 gold pieces.

Inventory:

Hand Weapons
 n - the +5 dagger of Hacking and Slashing {drain, rN++ Str+4}
   (You found it on level 3 of the Dungeon)

   A truly terrible weapon, it drains the life of any living foe it strikes.
   Str:       It affects your strength (+4).
   rN:        It greatly protects you from negative energy.
Armour
 a - a +0 robe (worn)
 b - a +0 kite shield (worn)
Jewellery
 i - a ring of wizardry
 k - a ring of see invisible (right claw)
 m - a +6 ring of strength (left claw)
Wands
 l - a wand of paralysis (19)
Scrolls
 d - a scroll of enchant armour {unknown}
 g - a scroll of noise {unknown}
 h - a scroll of vulnerability
 j - 2 scrolls of teleportation
Potions
 c - 2 potions of might
 e - a potion of heal wounds
 f - 2 potions of cancellation
 o - a potion of curing {unknown}
 p - a potion of brilliance {unknown}
 q - a potion of haste {unknown}


   Skills:
 - Level 2.7 Fighting
 + Level 3.7 Dodging
 + Level 4.1 Shields
 + Level 3.8 Unarmed Combat


You had 5 spell levels left.
You didn't know any spells.
Your spell library contained the following spells:

 Spells                   Type           Power      Damage    Failure   Level
 Sandblast                Erth           0%         2d4       69%         1
 Shock                    Conj/Air       0%         1d3       69%         1
 Ensorcelled Hibernation  Hex/Ice        0%         N/A       83%         2
 Passwall                 Tmut/Erth      0%         N/A       83%         2
 Gell's Gravitas          Tloc           0%         N/A       96%         3
 Lesser Beckoning         Tloc           0%         N/A       96%         3
 Spider Form              Tmut/Pois      0%         N/A       96%         3
 Stone Arrow              Conj/Erth      0%         3d7       96%         3
 Teleport Other           Tloc           0%         N/A       96%         3
 Anguish                  Hex/Necr       0%         N/A       100%        4
 Fulminant Prism          Conj/Hex       0%         3d6       100%        4
 Iskenderun's Mystic Bla  Conj/Tloc      0%         2d3       100%        4
 Lee's Rapid Deconstruct  Erth           0%         3d5*      100%        5


Dungeon Overview and Level Annotations

Branches:
Dungeon (4/15)
 Temple: D:4-7

Altars:


Innate Abilities, Weirdness & Mutations

You are too large for most types of armour.
You have claws for hands.
Your natural rate of healing is unusually fast.
You are covered in fur. (AC +1)
You have tough skin. (AC +1)
Your mind is acute. (Int +4, Str/Dex -1)
You are strong-willed. (Will+)
You expend magic power (3 MP) to strengthen your wands.


Message History

You are too injured to fight recklessly!
You are too injured to fight recklessly!
You are too injured to fight recklessly!
You are too injured to fight recklessly!
You are too injured to fight recklessly!
You scratch the gnoll bouda but do no damage.
The gnoll bouda is severely wounded.
The gnoll hits you with a +0 club.
The gnoll hits you from afar with a +0 spear.
You block the gnoll's attack.
The gnoll bouda gazes fiercely through you!
You feel your attacks grow feeble.
The gnoll bouda hits you but does no damage.
You feel much better. The gnoll hits you but does no damage.
A gnoll comes into view. It is wielding a +0 flail.
You block the gnoll's attack.
You barely miss the gnoll. The gnoll hits you with a +0 flail!
The gnoll closely misses you. The gnoll barely misses you.
You scratch the gnoll.
The gnoll is lightly wounded.
You block the gnoll's attack.
The gnoll hits you from afar with a +0 spear.
The gnoll hits you with a +0 flail.
The gnoll bouda barks out a call to the hunt!
The gnolls pick up the pace!
You scratch the gnoll bouda but do no damage.
The gnoll bouda is severely wounded.
The gnoll barely misses you.
The gnoll hits you from afar with a +0 spear.
You block the gnoll's attack.
The gnoll bouda hits you with a +0 club!
Your attacks no longer feel as feeble.
The gnoll bouda hits you with a +0 club!
* * * LOW HITPOINT WARNING * * *
As you read the scroll of teleportation, it crumbles to dust.
You feel strangely unstable.
The gnoll hits you from afar with a +0 spear!
* * * LOW HITPOINT WARNING * * *
The gnoll bouda hits you with a +0 club.
You die...

##.. #...
###..# ....##
....### .g...
#.g# #gg# ...
#g@# ##..( #..#
.... #..# #...
.. #..## ..#
... #..)###.#
#.#
###....###.#
#####
###......##.
#...##
#.##......# #..
#....##
##..####...##..


You could see a gnoll bouda and 4 gnolls.

Vanquished Creatures
  2 iguanas (D:4)
  An orc wizard (D:3)
  5 gnolls
  4 adders
  A shadow imp (D:4)
  An ufetubus (D:4)
  6 dart slugs
  12 orcs (D:3)
  5 ball pythons
  6 bats
  8 endoplasms
  3 giant cockroaches
  4 goblins
  9 hobgoblins
  5 jackals
  2 quokkas
  2 frilled lizards
  5 kobolds
  3 rats
84 creatures vanquished.

Vanquished Creatures (others)
  5 fungi (D:3)
  4 toadstools (D:3)
9 creatures vanquished.

Grand Total: 93 creatures vanquished

Notes
Turn   | Place    | Note
-------+----------+-------------------------------------------
     0 | D:1      | smilodon the Troll Fighter began the quest for the Orb.
     0 | D:1      | Reached XP level 1. HP: 22/22 MP: 0/0
    87 | D:1      | Reached XP level 2. HP: 29/29 MP: 1/1
   169 | D:1      | Reached skill level 3 in Shields
   191 | D:1      | Reached XP level 3. HP: 36/36 MP: 2/2
   251 | D:1      | Found a faded altar of an unknown god.
   259 | D:1      | Got Plato's Catalogue of the Barrage
  1004 | D:3      | Reached XP level 4. HP: 41/44 MP: 3/3
  1014 | D:3      | Identified the +5 dagger of Hacking and Slashing {drain,
                  | rN++ Str+4}
  1159 | D:3      | Reached XP level 5. HP: 37/50 MP: 0/4
  1543 | D:3      | Gained mutation: You passively dampen the noise of your
                  | surroundings. [potion of mutation]
  1543 | D:3      | Gained mutation: Your body sometimes deteriorates upon
                  | taking damage. [potion of mutation]
  1543 | D:3      | Gained mutation: You expend magic power (3 MP) to
                  | strengthen your wands. [potion of mutation]
  1597 | D:4      | Lost mutation: You passively dampen the noise of your
                  | surroundings. [potion of mutation]
  1597 | D:4      | Lost mutation: You expend magic power (3 MP) to strengthen
                  | your wands. [potion of mutation]
  1597 | D:4      | Lost mutation: Your body sometimes deteriorates upon taking
                  | damage. [potion of mutation]
  1597 | D:4      | Gained mutation: Your mind is acute. (Int +4, Str/Dex -1)
                  | [potion of mutation]
  1597 | D:4      | Gained mutation: You expend magic power (3 MP) to
                  | strengthen your wands. [potion of mutation]
  1597 | D:4      | Gained mutation: You are strong-willed. (Will+) [potion of
                  | mutation]
  1761 | D:4      | Reached skill level 4 in Shields
  1872 | D:4      | Reached XP level 6. HP: 50/59 MP: 5/5
  1881 | D:4      | HP: 2/59 [gnoll/+0 spear[a gnoll bouda] (9)]
  1881 | D:4      | Slain by a gnoll bouda

Illustrated notes

Levels and vault maps discovered:
D:1:      minmay_arrival_up_and_down, layout_rooms,
          shapermc_ecumenical_altar_rom_forum
D:2:      layout_loops_ring, minmay_split_cup_small
D:3:      layout_rooms, minmay_gold_behind_fungi
D:4:      layout_layer_cave, led_sif_pool, mainiacjoe_overflow_catwalk_spiral

Skill      XL: |  1  2  3  4  5 |
---------------+----------------+-----
Shields        | 3 4 |  4.1
Dodging        | 3 |  3.7
Unarmed Combat | 3 |  3.8
Fighting       | |  2.7

Action                   |  1- 3 |  4- 6 || total
-------------------------+-------+-------++-------
Melee: Unarmed           |    85 |   109 ||   194
  Use: Scroll            |       |     7 ||     7
       Potion            |       |     3 ||     3
Armor: Robe              |    18 |    24 ||    42
Dodge: Dodged            |    34 |    27 ||    61
Block: Kite shield       |    42 |    44 ||    86
